AoeStats
← Darioo091867

Nomad

509984074Analyzed
2v2 RM · 4d ago on Sep 28, 2026· 72m 57s· 4 players
Game mode
Random Map
Map size
176×176
Population
200
Speed
Normal
Resources
Standard
Victory
Conquest
Starting age
Dark Age
Ending age
Imperial Age
RankedLock teamsTeams togetherTeam positionsShared explorationLock speedFull tech treeHidden civsTurbo modeCheats
Victory
Defeat
🇦🇷 Romans · Argentina
683
+14
🇦🇷 Persians · Argentina
668
+14
🇨🇴 Japanese · Colombia
653
-15
🇧🇷 Koreans · Brazil
607
-13
el forasteiro
16:57 Feudal Age
17:51 Feudal Age
18:56 Double-Bit Axe
19:51 Wheelbarrow
19:05 Town Watch
19:37 Horse Collar
20:47 Arson
22:35 Man-at-Arms
27:21 Fishing Lines
31:07 Castle Age
29:15 Stone Mining
29:16 Gold Mining
31:20 Fletching
31:41 Forging
33:09 Fortified Wall
34:21 Bodkin Arrow
35:49 Scale Mail Armor
35:52 Town Patrol
36:54 Masonry
37:07 Ballistics
40:24 Gold Shaft Mining
40:25 Stone Shaft Mining
40:52 Bow Saw
46:22 Eupseong
46:11 Elite Skirmisher
49:54 Hand Cart
53:35 Murder Holes
67:21 Imperial Age
Fercho083
13:30 Loom
16:07 Feudal Age
17:51 Double-Bit Axe
17:50 Horse Collar
27:02 Castle Age
31:46 Fletching
34:11 Bodkin Arrow
34:17 Padded Archer Armor
36:57 Leather Archer Armor
37:20 Husbandry
37:31 Bloodlines
39:50 Thumb Ring
51:45 Imperial Age
50:39 Bow Saw
53:06 Wheelbarrow
53:05 Bracer
53:38 Ring Archer Armor
55:42 Chemistry
55:02 Ballistics
57:54 Parthian Tactics
62:15 Two-Man Saw
Darioo091867
17:13 Feudal Age
18:21 Horse Collar
19:48 Man-at-Arms
26:38 Castle Age
26:26 Long Swordsman
26:52 Gambesons
28:28 Scale Mail Armor
29:42 Pikeman
32:25 Double-Bit Axe
33:17 Heavy Plow
33:30 Bow Saw
42:46 Imperial Age
40:28 Squires
40:13 Arson
45:00 Chain Mail Armor
44:55 Forging
49:14 Elite War Elephant
52:22 Kamandaran
52:01 Crossbowman
52:46 Thumb Ring
53:43 Padded Archer Armor
53:33 Fletching
54:14 Plate Mail Armor
54:20 Iron Casting
53:34 Elite Skirmisher
53:43 Elite Skirmisher
53:52 Elite Skirmisher
56:06 Ballistics
56:46 Chemistry
PulpoPol
16:24 Feudal Age
16:58 Horse Collar
17:06 Double-Bit Axe
20:20 Man-at-Arms
26:34 Castle Age
24:38 Scale Mail Armor
24:48 Forging
26:36 Long Swordsman
27:47 Heavy Plow
27:59 Bow Saw
32:24 Iron Casting
32:04 Chain Mail Armor
36:12 Wheelbarrow
42:54 Imperial Age
42:54 Ballistas
44:54 Chemistry
45:24 Ballistics
45:12 Legionary
46:58 Blast Furnace
45:54 Capped Ram
46:02 Capped Ram
47:10 Siege Ram
50:00 Conscription
51:01 Heavy Scorpion
52:22 Crop Rotation
52:22 Gold Mining
62:18 Gold Shaft Mining
65:15 Spies/Treason
Connection lost

Rejoining the realm…

Still unreachable

The connection could not be restored.

Session expired

The server has moved on; the page needs a fresh start.